 Dungeon Crawl Stone Soup version 0.23.1 (webtiles) character file.

Game seed: 9018303459950336019

33 night the Covered (level 3, 0/26 HPs)
             Began as a Demonspawn Wanderer on Mar 5, 2019.
             Slain by a goblin
             ... wielding a +0 club
             ... led by Robin
              (2 damage)
             ... on level 2 of the Dungeon.
             The game lasted 00:03:15 (1175 turns).

night the Covered (Demonspawn Wanderer)             Turns: 1175, Time: 00:03:16

Health: 0/26       AC:  9    Str: 13    XL:     3   Next: 12%
Magic:  3/3        EV:  9    Int: 12    God:
Gold:   15         SH:  0    Dex: 17    Spells: 2/2 levels left

rFire    . . .     SeeInvis .     - Unarmed
rCold    . . .     Gourm    .   (no shield)
rNeg     . . .     Faith    .   a - +2 scale mail
rPois    .         Spirit   .   (no helmet)
rElec    .         Reflect  .   (no cloak)
rCorr    .         Harm     .   (no gloves)
MR       .....                  (no boots)
Stlth    ..........             (no amulet)
HPRegen  0.08/turn              h - ring of attention (curse)
MPRegen  0.08/turn              (no ring)

@: very slightly contaminated, invisible
A: thin skeletal structure 2
a: no special abilities


You were on level 2 of the Dungeon.
You were not hungry.

You visited 1 branch of the dungeon, and saw 2 of its levels.

You collected 15 gold pieces.

Inventory:

Missiles
 j - 22 bolts
 k - 29 stones (quivered)
Armour
 a - a +2 scale mail (worn)
Jewellery
 h - a cursed ring of attention (left hand)
Scrolls
 f - 2 scrolls of teleportation
 i - a scroll of remove curse {unknown}
 l - a scroll of immolation {unknown}
Potions
 c - a potion of curing
 g - a potion of magic {unknown}
Comestibles
 b - 3 chunks of flesh
 d - 2 rations


   Skills:
 - Level 1.0 Fighting
   Level 1.0 Maces & Flails
 - Level 5.4 Armour
   Level 1.0 Shields
 + Level 2.5 Unarmed Combat
   Level 1.0 Evocations


You had 2 spell levels left.
You didn't know any spells.
Your spell library was empty.

Dungeon Overview and Level Annotations

Branches:
Dungeon (2/15)

Altars:

Annotations:
D:2 Robin


Innate Abilities, Weirdness & Mutations

You have a moderately thin skeletal structure. (Dex +4, Stealth+)


Message History

Robin barely misses you. The goblin barely misses you.
The goblin shoots a stone.
The stone hits you.
* * * LOW HITPOINT WARNING * * *
You hit Robin.
Robin is moderately wounded.
The goblin hits you but does no damage. Robin barely misses you.
The goblin shoots a stone.
The stone barely misses you.
The hobgoblin hits you but does no damage.
You hit Robin.
Robin is heavily wounded.
The goblin no longer looks unusually strong. x2
The goblin hits you with a +0 club.
* * * LOW HITPOINT WARNING * * *
The goblin shoots a stone.
The stone barely misses you. Robin barely misses you.
You hit Robin but do no damage.
Robin is heavily wounded.
The hobgoblin hits you but does no damage.
The goblin hits you with a +0 club.
You die...

..#.# # .... .#
...###..# .
##..#... ..
#..... ...
#...###### ..=.
###.<.......
.....
#gg.g.######
......##.##@##
........gggg##
.....###.#gg.#
... #)..#..#
.........####?.#
.......## #...
...#### ##.. ?.
#.. ##


You could see Robin, 2 hobgoblins and 6 goblins.

Vanquished Creatures
  A dart slug (D:1)
  A leopard gecko (D:1)
  4 bats (D:1)
  A giant cockroach (D:1)
  3 goblins
  5 hobgoblins
  7 kobolds (D:1)
  A frilled lizard (D:1)
  3 rats (D:1)
26 creatures vanquished.

Notes
Turn   | Place    | Note
-------+----------+-------------------------------------------
     0 | D:1      | night the Demonspawn Wanderer began the quest for the Orb.
     0 | D:1      | night set off with the following items: a +2 scale mail, a
                  | +0 mace, a potion of curing, a ration
     0 | D:1      | Reached XP level 1. HP: 15/15 MP: 1/1
    33 | D:1      | Reached skill level 1 in Unarmed Combat
   230 | D:1      | Gained mutation: You have a somewhat thin skeletal
                  | structure. (Dex +2, Stealth) [demonic ancestry]
   230 | D:1      | Reached XP level 2. HP: 20/21 MP: 2/2
   851 | D:1      | Gained mutation: You have a moderately thin skeletal
                  | structure. (Dex +4, Stealth+) [demonic ancestry]
   851 | D:1      | Reached XP level 3. HP: 20/26 MP: 3/3
  1124 | D:2      | Noticed Robin
  1175 | D:2      | Slain by a goblin

Skill      XL: |  1  2 |
---------------+-------+-----
Unarmed Combat | 1 2 |  2.5
Fighting       | |  1.0
Maces & Flails | |  1.0
Armour         | |  5.4
Shields        | |  1.0
Evocations     | |  1.0

Action                   || total
-------------------------++-------
Melee: Unarmed           ||   163
       Punch             ||     2
  Use: Scroll            ||     1
       Potion            ||     2
  Eat: Chunk             ||     1
Armor: Scale mail        ||   116
Dodge: Dodged            ||   113
